 Seeded DCSS version 0.25-a0-1119-g28b6fd0 (webtiles) character file.

Game seed: 8390716998109386064, levelgen mode: deterministic

100 Illumine the Ducker (level 5, -2/39 HPs)
             Began as a Human Arcane Marksman on May 17, 2020.
             Slain by a bullfrog (8 damage)
             ... on level 3 of the Dungeon on May 18, 2020.
             The game lasted 00:10:34 (2782 turns).

Illumine the Ducker (Human Arcane Marksman)         Turns: 2782, Time: 00:10:35

Health: -2/39      AC:  5    Str: 11    XL:     5   Next: 3%
Magic:  6/6        EV:  9    Int: 13    God:
Gold:   65         SH:  0    Dex: 14    Spells: 3/6 levels left

rFire    . . .     SeeInvis .   a - +0 hand crossbow
rCold    . . .     Gourm    .   (no shield)
rNeg     . . .     Faith    .   e - +0 robe
rPois    .         Spirit   .   t - +1 helmet
rElec    .         Reflect  .   (no cloak)
rCorr    .         Harm     .   (no gloves)
MR       .....                  b - +0 pair of boots
Stlth    +.........             (no amulet)
HPRegen  0.13/turn              u - -4 ring of evasion (curse)
MPRegen  0.10/turn              (no ring)

@: no status effects
A: no striking features
a: no special abilities


You were on level 3 of the Dungeon.
You were not hungry.

You visited 1 branch of the dungeon, and saw 3 of its levels.

You collected 65 gold pieces.

Inventory:

Hand Weapons
 a - a +0 hand crossbow (weapon)
 g - a +0 hunting sling
 s - a +1 mace
Missiles
 d - 30 bolts (quivered)
 h - 20 sling bullets
 i - 12 stones
Armour
 b - a +0 pair of boots (worn)
 c - a +0 buckler
 e - a +0 robe (worn)
 t - a +1 helmet (worn)
Jewellery
 u - a cursed -4 ring of evasion (left hand)
Scrolls
 k - 2 scrolls of teleportation
Potions
 n - a potion of invisibility
 o - a potion of curing
Comestibles
 f - 4 rations


   Skills:
 + Level 2.4 Fighting
 + Level 0.1 Maces & Flails
 + Level 3.0 Crossbows
 + Level 1.0 Armour
 + Level 3.1 Dodging
 - Level 1.0 Spellcasting
 - Level 3.0 Hexes


You had 3 spell levels left.
You knew the following spells:

 Your Spells              Type           Power        Failure   Level  Hunger
a - Corona                Hex            #......      9%          1    ##.....
b - Slow                  Hex            #.......     12%         2    ###....

Your spell library contained the following spells:

 Spells                   Type           Power        Failure   Level  Hunger
 Inner Flame              Hex/Fire       #.......     41%         3    ####...
 Portal Projectile        Hex/Tloc       #.....       41%         3    ####...
 Cause Fear               Hex            #.........   63%         4    #####..
 Leda's Liquefaction      Hex/Erth       #.........   83%         4    #####..


Dungeon Overview and Level Annotations

Branches:
Dungeon (3/15)

Altars:


Message History

Aim: a bullfrog (almost dead)
You shoot a bolt.
The bolt completely misses the bullfrog.
The bullfrog hits you but does no damage.
The bullfrog completely misses you.
Firing (i - inventory. (/) - cycle)
d - 32 bolts (quivered)
Press: ? - help, Shift-Dir - straight line, f/p - bullfrog
Aim: a bullfrog (almost dead)
You shoot a bolt. The bolt hits the bullfrog.
The bullfrog is almost dead.
The bullfrog hits you.
* * * LOW HITPOINT WARNING * * *
The bullfrog completely misses you.
Firing (i - inventory. (/) - cycle)
d - 31 bolts (quivered)
Press: ? - help, Shift-Dir - straight line, f/p - bullfrog
Aim: a bullfrog (almost dead)
You shoot a bolt. The bolt barely misses the bullfrog.
The bullfrog hits you.
* * * LOW HITPOINT WARNING * * *
The bullfrog hits you!
You die...

#<.# #S# #..#
#.# #..# #.#
#..# #.# #..#
#.# ###..###.#
#.....##.#####..
#.###.##.......?
#. #.@F.(###...
# #.###.# ....
... ##### .....
####.# #


You could see a bullfrog.

Vanquished Creatures
  Robin (D:2)
  4 adders (D:2)
  2 worms (D:2)
  2 leopard geckos (D:1)
  5 giant cockroaches
  14 goblins
  6 hobgoblins
  5 kobolds
  2 bats (D:2)
  3 frilled lizards
  2 rats (D:2)
46 creatures vanquished.

Notes
Turn   | Place    | Note
-------+----------+-------------------------------------------
     0 | D:1      | Illumine the Human Arcane Marksman began the quest for the
                  | Orb.
     0 | D:1      | Reached XP level 1. HP: 15/15 MP: 2/2
   115 | D:1      | Reached XP level 2. HP: 11/21 MP: 3/3
   122 | D:1      | Learned a level 2 spell: Slow
   925 | D:2      | Noticed Robin
  1052 | D:2      | Reached XP level 3. HP: 23/27 MP: 4/4
  1469 | D:2      | Reached XP level 4. HP: 29/33 MP: 5/5
  2024 | D:2      | Killed Robin
  2537 | D:2      | Reached skill level 1 in Armour
  2552 | D:2      | Reached XP level 5. HP: 39/39 MP: 6/6
  2771 | D:3      | Noticed a bullfrog
  2782 | D:3      | Slain by a bullfrog

Illustrated notes

Levels and vault maps discovered:
D:1:      dpeg_arrival_water_altar, layout_rooms, minmay_misc_feat_five
D:2:      layout_loops_ring, first_ration, nrook_mini_vaults, uniq_robin
D:3:      layout_loops_ring, nicolae_dithmenos_shadow_blocks,
          grunt_qazlal_sundering

Skill      XL: |  1  2  3  4 |
---------------+-------------+-----
Fighting       | 2 |  2.4
Dodging        | 3 |  3.1
Crossbows      | 3 |  3.0
Armour         | 1 |  1.0
Maces & Flails | |  0.1
Spellcasting   | |  1.0
Hexes          | |  3.0

Action                   |  1- 3 |  4- 6 || total
-------------------------+-------+-------++-------
Melee: Club              |    39 |    14 ||    53
       Mace              |       |    11 ||    11
 Fire: Hand crossbow     |    25 |    31 ||    56
       Hunting sling     |    12 |    30 ||    42
  Use: Scroll            |       |     7 ||     7
 Stab: Sleeping          |     1 |       ||     1
  Eat: Chunk             |     2 |     4 ||     6
Armor: Robe              |     8 |    15 ||    23
Dodge: Dodged            |    46 |    47 ||    93

Table legend:
 A = Non-vault XP
 B = Vault XP
 C = Vault XP percentage of total XP
 D = Non-vault monster count
 E = Vault monster count
 F = Vault count percentage of total count
                 A         B        C        D         E       F
            +---------+---------+-------+---------+---------+-------
      Total |     111 |      33 |  22.9 |      34 |      12 |  26.1
            +---------+---------+-------+---------+---------+-------
        D:1 |      22 |       0 |   0.0 |      11 |       0 |   0.0
        D:2 |      89 |      33 |  27.0 |      23 |      12 |  34.3
            +---------+---------+-------+---------+---------+-------
